Map: Cyber Forest LE

Players

FeaR

  • Race: Protoss Protoss
  • League: Diamond
  • Spawn Location: 11:00

Smeeeger - Winner!

  • Race: Zerg Zerg
  • League: Platinum
  • Spawn Location: 5:00

VOD

Have the link to the VOD?

Description

Time

  • Played on: July 24, 2019, 8:53 a.m.
  • Length: 6:50
Show
View Real Time Build Order
Export as new Build Order

FeaR Protoss 

Build Orders:  

Get SALT Encoding   

  12  0:01  Probe  
  13  0:13  Probe  
  14  0:24  Pylon  
  14  0:25  Probe  
  15  0:41  Probe  
  16  0:49  Probe  
  17  1:06  Nexus  
  17  1:07  Probe  
  17  1:21  Gateway  
  17  1:31  Gateway  
  17  1:43  Gateway  
  17  1:49  Pylon  
  17  1:51  Probe  
  17  1:53  Assimilator  
  17  2:00  Probe  
  17  2:01  Assimilator  
  19  2:15  Cybernetics Core  
  19  2:20  Zealot  
  21  2:24  Probe  
  22  2:34  Probe  
  22  2:36  Zealot, Probe  
  24  2:38  Zealot  
  24  2:42  Zealot  
  30  2:54  Probe  
  30  2:57  Probe  
  32  3:07  Probe  
  32  3:09  Probe  
  34  3:13  Zealot  
  34  3:19  Assimilator  
  36  3:21  Probe  
  36  3:24  Assimilator  
  37  3:31  Forge  
  37  3:35  Probe  
  37  3:37  Probe  
  39  3:50  Probe  
  40  3:56  Stargate  
  40  4:01  Probe  
  40  4:02  Probe  
  40  4:07  Stargate  
  40  4:13  Probe  
  41  4:21  Probe  
  42  4:25  Probe  
  42  4:31  Adept x3  
  41  4:33  Probe  
  41  4:37  Probe  
  45  4:45  Probe  
  46  5:00  Oracle  
  46  5:05  Void Ray  
  46  5:07  Probe x2  
  46  5:11  Photon Cannon  
  43  5:19  Probe x2  
  41  5:31  Probe, Void Ray  
  38  5:38  Probe  
  43  5:43  Probe  
  39  6:09  Pylon  
  39  6:11  Pylon  
  39  6:13  Pylon  
  39  6:27  Probe x2  
  39  6:29  Photon Cannon  
Show
View Real Time Build Order
Export as new Build Order

Smeeeger Zerg - Winner!

Build Orders: Hatch First 

Get SALT Encoding   

  12  0:01  Drone  
  13  0:12  Overlord  
  13  0:17  Drone  
  14  0:30  Drone x2  
  14  0:34  Drone  
  17  0:46  Drone  
  18  1:07  Hatchery  
  18  1:08  Extractor  
  18  1:09  Drone  
  17  1:14  Spawning Pool  
  17  1:18  Drone  
  17  1:21  Drone  
  18  1:30  Drone  
  19  1:39  Overlord  
  19  2:00  Queen  
  21  2:01  Zergling x4  
  23  2:15  Metabolic Boost  
  23  2:26  Drone  
  23  2:29  Hatchery, Queen  
  25  2:35  Drone x2  
  25  2:36  Drone  
  28  2:39  Drone  
  28  2:43  Drone  
  30  2:59  Drone  
  30  3:00  Drone x2  
  30  3:02  Roach Warren  
  32  3:05  Queen  
  32  3:11  Drone  
  32  3:12  Drone  
  36  3:15  Overlord  
  36  3:22  Overlord  
  36  3:34  Drone  
  36  3:35  Drone x5  
  41  3:53  Zergling x8  
  39  4:03  Zergling x10  
  39  4:05  Queen  
  39  4:06  Queen  
  39  4:08  Roach  
  50  4:16  Zergling x4  
  48  4:30  Drone  
  48  4:31  Drone x4  
  51  4:34  Lair  
  52  4:39  Spore Crawler, Drone  
  52  4:40  Drone x3  
  55  4:51  Spore Crawler  
  53  4:53  Evolution Chamber  
  50  5:19  Roach  
  50  5:20  Roach x2  
  56  5:23  Drone x2, Overlord x2  
  56  5:24  Overlord  
  56  5:26  Overlord x3  
  56  5:27  Overlord  
  57  5:38  Zergling x2  
  57  5:51  Spore Crawler  
  57  5:55  Roach  
  56  5:57  Zergling x30  
  70  6:15  Drone x4  
  70  6:16  Drone  
  75  6:19  Hatchery  
  75  6:21  Hatchery  
  73  6:27  Overlord  
  73  6:28  Drone x3  
  73  6:32  Extractor  
  72  6:34  Extractor  
Tags
 
Add a new tag
Caveats
  • Supply blocks, unpowered buildings, or Contaminate may cause inaccurate times.
  • Supply counts are checked every 10 seconds.